 Dungeon Crawl Stone Soup version 0.21-a0-522-ga8338f0 (webtiles) character file.

1341 slep the Chopper (level 8, 0/60 HPs)
             Began as a Demonspawn Gladiator on Dec 7, 2017.
             Was a Follower of Okawaru.
             Slain by Menkaure (13 damage)
             ... on level 6 of the Dungeon.
             The game lasted 00:20:51 (4712 turns).

slep the Chopper (Demonspawn Gladiator)             Turns: 4712, Time: 00:20:51

Health: 0/60       AC: 19    Str: 16    XL:     8   Next: 35%
Magic:  8/8        EV: 10    Int: 11    God:    Okawaru [*.....]
Gold:   358        SH:  0    Dex: 28    Spells: 7/7 levels left

rFire    . . .     SeeInvis .   K - +1 dire flail of Demonkind {crush, Dex+4} (curse)
rCold    + . .     Gourm    .   (shield currently unavailable)
rNeg     . . .     Faith    .   H - +1 chain mail of Tatz {Dex+8 Slay+3}
rPois    .         Spirit   .   w - +2 hat
rElec    .         Reflect  .   m - +1 cloak
rCorr    .         Harm     .   (no gloves)
MR       .....                  t - +1 pair of boots
Stlth    ..........             (no amulet)
HPRegen  0.20/turn              v - +2 ring of intelligence
MPRegen  0.11/turn              L - ring of wizardry

@: no status effects
A: claws 2, yellow scales 2, cold resistance 1
a: Heroism, Renounce Religion


You were on level 6 of the Dungeon.
You worshipped Okawaru.
Okawaru was aware of your devotion.
You were not hungry.

You visited 2 branches of the dungeon, and saw 7 of its levels.

You collected 358 gold pieces.

Inventory:

Hand Weapons
 a - a +0 war axe
 k - a +1 hand axe of freezing
 K - the cursed +1 dire flail of Demonkind (weapon) {crush, Dex+4}
   (You found it on level 6 of the Dungeon)

   It inflicts extra damage upon your enemies.
   It affects your dexterity (+4).
   It has a curse placed upon it.
Missiles
 d - a throwing net (quivered)
Armour
 b - a +0 leather armour
 c - a +0 helmet
 h - a +0 pair of boots
 m - a +1 cloak (worn)
 t - a +1 pair of boots (worn)
 w - a +2 hat (worn)
 y - a +2 ring mail of fire resistance
 G - a +3 leather armour
 H - the +1 chain mail of Tatz (worn) {Dex+8 Slay+3}
   (You found it on level 5 of the Dungeon)

   It affects your dexterity (+8).
   It affects your accuracy and damage with ranged weapons and melee attacks
   (+3).
Jewellery
 v - a +2 ring of intelligence (left claw)
 L - a ring of wizardry (right claw)
Wands
 l - a wand of random effects (11)
Scrolls
 e - 6 scrolls of identify {unknown}
 g - 2 scrolls of blinking {unknown}
 i - a scroll of amnesia {unknown}
 j - 2 scrolls of remove curse {unknown}
 n - 2 scrolls of noise {unknown}
 u - a scroll of enchant weapon {unknown}
 I - 3 scrolls of teleportation {unknown}
 J - a scroll of enchant armour {unknown}
 M - 2 scrolls of immolation {unknown}
 N - a scroll of magic mapping {unknown}
Potions
 o - a potion of agility {unknown}
 q - 3 potions of brilliance {unknown}
 s - 2 potions of cancellation {unknown}
 x - 2 potions of degeneration {unknown}
 z - a potion of mutation {unknown}
 A - a potion of curing {unknown}
 C - 3 potions of heal wounds {unknown}
 D - 2 potions of magic {unknown}
Books
 B - a book of Changes

   Spells                             Type                      Level
   a - Beastly Appendage              Transmutation                1
   b - Sticks to Snakes               Transmutation                2
   c - Spider Form                    Transmutation/Poison         3
   d - Ice Form                       Ice/Transmutation            4
   e - Blade Hands                    Transmutation                5
Comestibles
 f - 6 bread rations
 p - 3 royal jellies
 r - a fruit
 F - 3 meat rations


   Skills:
 + Level 4.0 Fighting
 + Level 7.1 Axes
 + Level 0.5(4.4) Maces & Flails
 + Level 2.0 Throwing
 + Level 4.0 Armour
 + Level 4.2 Dodging
 + Level 1.1 Stealth


You had 7 spell levels left.
You didn't know any spells.

Dungeon Overview and Level Annotations

Branches:
Dungeon (6/15)             Temple (1/1) D:4

Altars:
Ashenzari
Elyvilon
Fedhas
Kikubaaqudgha
Okawaru
Sif Muna
Xom

Annotations:
D:6 Menkaure


Innate Abilities, Weirdness & Mutations

You have very sharp fingernails.
You are mostly covered in yellow scales. (AC +3)
Your flesh is cold resistant. (rC+)


Message History

You puncture Menkaure!
Menkaure is moderately damaged.
Menkaure calls on the powers of darkness!
Your body is wracked with pain!
You hit Menkaure.
Menkaure is heavily damaged.
Menkaure completely misses you. Menkaure hits you but does no damage.
You hit Menkaure.
Menkaure is heavily damaged.
Menkaure hits you!
* * * LOW HITPOINT WARNING * * *
You hit Menkaure but do no damage.
Menkaure is heavily damaged.
Menkaure hits you.
* * * LOW HITPOINT WARNING * * *
Menkaure closely misses you.
You puncture Menkaure!
Menkaure is almost destroyed.
Menkaure hits you!
You die...

##.##..)####
#...........#.##....
#.......##
#.._..........####..
##.......#
#...........### ##.
#.......# #...........#
## #.......##
##........#.# #
##.......# #########<.#
#........###########..##
#..........#.....)....#
# #.......##....@M......
# ##.)...#####........).
# ##...# #.......... #
#### #.......... #
#.......... #
########### #


You could see Menkaure.

Vanquished Creatures
  Eustachio (D:5)
  2 centaurs (D:5)
  An ogre (D:4)
  2 bullfrogs (D:6)
  A scorpion (D:5)
  2 howler monkeys
  4 orc priests
  2 hounds (D:6)
  5 orc wizards
  An iguana (D:4)
  4 worker ants
  A howler monkey skeleton (D:5)
  4 gnolls (D:3)
  7 adders
  An ooze (D:1)
  5 worms
  A dart slug (D:5)
  6 leopard geckos
  15 orcs
  4 ball pythons
  10 bats
  3 giant cockroaches
  10 hobgoblins
  7 jackals
  7 kobolds
  2 quokkas
  11 frilled lizards
  8 goblins
  A leopard gecko zombie (D:5)
  A quokka zombie (D:6)
  4 rats
  2 butterflies (D:2)
135 creatures vanquished.

Vanquished Creatures (others)
  A frilled lizard (D:4)
1 creature vanquished.

Grand Total: 136 creatures vanquished

Notes
Turn   | Place    | Note
-------+----------+-------------------------------------------
     0 | D:1      | slep the Demonspawn Gladiator began the quest for the Orb.
     0 | D:1      | Reached XP level 1. HP: 16/16 MP: 1/1
    43 | D:1      | Gained mutation: You have sharp fingernails. [demonic ancestry]
    43 | D:1      | Reached XP level 2. HP: 6/22 MP: 2/2
   341 | D:1      | Reached skill level 3 in Axes
   663 | D:1      | Gained mutation: You are partially covered in yellow scales. (AC +2) [demonic ancestry]
   663 | D:1      | Reached XP level 3. HP: 27/27 MP: 3/3
   903 | D:2      | Found a shimmering altar of Xom.
  1003 | D:2      | Reached XP level 4. HP: 23/34 MP: 4/4
  1015 | D:2      | Reached skill level 1 in Armour
  1426 | D:3      | Reached skill level 4 in Axes
  1426 | D:3      | Reached XP level 5. HP: 27/39 MP: 5/5
  2228 | D:3      | Gained mutation: Your flesh is cold resistant. (rC+) [demonic ancestry]
  2228 | D:3      | Reached XP level 6. HP: 27/47 MP: 6/6
  2728 | D:4      | Reached skill level 5 in Axes
  2990 | D:4      | Found a white marble altar of Elyvilon.
  3121 | D:4      | Found a staircase to the Ecumenical Temple.
  3130 | Temple   | Entered the Ecumenical Temple
  3148 | Temple   | Became a worshipper of Warmaster Okawaru
  3514 | D:5      | Entered Level 5 of the Dungeon
  3514 | D:5      | Noticed Eustachio
  3533 | D:5      | Killed Eustachio
  3533 | D:5      | Gained mutation: You are mostly covered in yellow scales. (AC +3) [demonic ancestry]
  3533 | D:5      | Reached XP level 7. HP: 49/52 MP: 7/7
  3573 | D:5      | Found a blossoming altar of Fedhas.
  3592 | D:5      | Reached skill level 6 in Axes
  3592 | D:5      | Reached * piety under Okawaru
  3642 | D:5      | Found an ancient bone altar of Kikubaaqudgha.
  3691 | D:5      | Got a steaming chain mail
  3712 | D:5      | Identified the +1 chain mail of Tatz {Dex+8 Slay+3} (You found it on level 5 of the Dungeon)
  3797 | D:5      | Reached skill level 1 in Stealth
  3815 | D:5      | Gained mutation: You have very sharp fingernails. [demonic ancestry]
  3815 | D:5      | Reached XP level 8. HP: 36/59 MP: 8/8
  4485 | D:6      | Got a smoking dire flail
  4486 | D:6      | Identified the cursed +1 dire flail of Demonkind {crush, Dex+4} (You found it on level 6 of the Dungeon)
  4537 | D:6      | Found a deep blue altar of Sif Muna.
  4641 | D:6      | Reached skill level 7 in Axes
  4702 | D:6      | Noticed Menkaure
  4712 | D:6      | Slain by Menkaure

Vault maps used:
D:1:      scummos_arrival_simple_fountains, minmay_lizard_king
D:2:      xom_butterflies, minmay_misc_feat_alley, amethyst_killhole
D:4:      elyvilon_altar_4, nicolae_overflow_hidden_temple,
          minmay_temple_entry_steel_oval
D:5:      kiku_gazebo_garden_becter, first_bread, minmay_ruined_shrine,
          uniq_eustachio
D:6:      basic_altar, uniq_menkaure
Temple:   oiseaux_autumnal_temple

Skill      XL: |  1  2  3  4  5  6  7  8 |
---------------+-------------------------+-----
Dodging        | 3 4 |  4.2
Axes           | 3 4 5 6 7 |  7.1
Throwing       | 2 |  2.0
Armour         | 1 2 3 4 |  4.0
Fighting       | 3 4 |  4.0
Stealth        | 1 |  1.1
Maces & Flails | |  0.5

Action                   |  1- 3 |  4- 6 |  7- 9 || total
-------------------------+-------+-------+-------++-------
Melee: War axe           |    42 |       |       ||    42
       Hand axe          |    63 |   168 |    96 ||   327
       Dire flail        |       |       |    40 ||    40
Throw: Throwing net      |       |     2 |       ||     2
Evoke: Wand              |     1 |       |       ||     1
 Stab: Sleeping          |     1 |       |       ||     1
       Held in net/web   |       |     2 |       ||     2
  Eat: Chunk             |       |     6 |     6 ||    12
       Fruit             |       |     1 |       ||     1
Armor: Leather armour    |    32 |    27 |       ||    59
       Ring mail         |       |    25 |    42 ||    67
       Chain mail        |       |       |    43 ||    43
Dodge: Dodged            |    81 |   143 |    91 ||   315

Table legend:
 A = Spawn XP
 B = Non-spawn XP
 C = Spawn XP percentage of total XP
 D = Spawn monster count
 E = Non-spawn monster count
 F = Spawn count percentage of total count
 G = Total turns spent on level
                    A         B        C        D         E        F      G
               +---------+---------+-------+---------+---------+-------+---------
         Total |       0 |    1916 |   0.0 |       0 |     133 |   0.0 |  4712
               +---------+---------+-------+---------+---------+-------+---------
           D:1 |       0 |      61 |   0.0 |       0 |      34 |   0.0 |   903
           D:2 |       0 |      87 |   0.0 |       0 |      21 |   0.0 |   500
           D:3 |       0 |     332 |   0.0 |       0 |      33 |   0.0 |  1328
           D:4 |       0 |     249 |   0.0 |       0 |       5 |   0.0 |   748
           D:5 |       0 |     782 |   0.0 |       0 |      25 |   0.0 |   853
           D:6 |       0 |     405 |   0.0 |       0 |      15 |   0.0 |   345
               +---------+---------+-------+---------+---------+-------+---------
